TOP OF THE 1ST |
Albuquerque Isotopes batting - Pitching for Gwinnett Braves : LHP Eduardo Baez
|
Pitching: LHP Eduardo Baez
|
|
Batting: LHB Alfredo de la Cruz
|
0-0: Ball 1-0: Swinging Strike 1-1: Ball 2-1: Called Strike 2-2: Strikes out swinging
|
Batting: RHB Eddie McCoy
|
0-0: Called Strike 0-1: Ball 1-1: Swinging Strike 1-2: Strikes out swinging
|
Batting: RHB Adrian Rudkilde
|
0-0: Ball 1-0: Ball 2-0: Called Strike 2-1: Swinging Strike 2-2: Foul Ball, location: 2F 2-2: Strikes out swinging
|
Top of the 1st over - 0 runs, 0 hits, 0 errors, 0 left on base; Albuquerque 0 - Gwinnett 0 |
BOTTOM OF THE 1ST |
Gwinnett Braves batting - Pitching for Albuquerque Isotopes : RHP Rafael Gonzales
|
Pitching: RHP Rafael Gonzales
|
|
Batting: RHB Edgar Castillo
|
0-0: Called Strike 0-1: Ball 1-1: Swinging Strike 1-2: Strikes out swinging
|
Batting: RHB Alex Munoz
|
0-0: Ball 1-0: TRIPLE (Flyball, 9LD, EV 88.1 MPH)
|
Batting: SHB Brian Bagley
|
0-0: Ball 1-0: Swinging Strike 1-1: Ground out 4-3 (Groundball, 4, EV 102.5 MPH) Alex Munoz scores
|
Batting: LHB Chris Locklear
|
0-0: Foul Ball, location: 2F 0-1: Ball 1-1: Ground out 5-3 (Groundball, 56, EV 90.0 MPH)
|
Bottom of the 1st over - 1 run, 1 hit, 0 errors, 0 left on base; Albuquerque 0 - Gwinnett 1 |
TOP OF THE 2ND |
Albuquerque Isotopes batting - Pitching for Gwinnett Braves : LHP Eduardo Baez
|
Batting: RHB Chris King
|
0-0: Foul Ball, location: 2F 0-1: Ball 1-1: Called Strike 1-2: Ball 2-2: Foul Ball, location: 2F 2-2: Ball 3-2: Base on Balls
|
Batting: LHB Gabe Harvey
|
0-0: Ball 1-0: Called Strike 1-1: Foul Ball, location: 2F 1-2: Foul Ball, location: 2F 1-2: Fielders Choice at 2nd, 5-4 (Groundball, 56, EV 86.9 MPH)
|
Batting: RHB Logan Morgan
|
0-0: Called Strike 0-1: Ball 1-1: Ball 2-1: Called Strike 2-2: Strikes out looking
|
Batting: LHB Adam Hill
|
0-0: Ball Gabe Harvey is caught stealing 2nd base 2-6
|
Top of the 2nd over - 0 runs, 0 hits, 0 errors, 0 left on base; Albuquerque 0 - Gwinnett 1 |
BOTTOM OF THE 2ND |
Gwinnett Braves batting - Pitching for Albuquerque Isotopes : RHP Rafael Gonzales
|
Batting: RHB John Peterson
|
0-0: Called Strike 0-1: Ball 1-1: Ground out 5-3 (Groundball, 56, EV 81.2 MPH)
|
Batting: RHB Dave Nickerson
|
0-0: Ball 1-0: Called Strike 1-1: Ball 2-1: Ball 3-1: Base on Balls
|
Batting: LHB Fred Arends
|
0-0: Called Strike 0-1: Grounds into double play, 6-4-3 (Groundball, 6, EV 104.4 MPH)
|
Bottom of the 2nd over - 0 runs, 0 hits, 0 errors, 0 left on base; Albuquerque 0 - Gwinnett 1 |
TOP OF THE 3RD |
Albuquerque Isotopes batting - Pitching for Gwinnett Braves : LHP Eduardo Baez
|
Batting: LHB Adam Hill
|
0-0: Called Strike 0-1: Called Strike 0-2: Foul Ball, location: 2F 0-2: Ball 1-2: Fly out, F7 (Flyball, 78M, EV 94.4 MPH)
|
Batting: RHB Vinny Estrada
|
0-0: Ground out U3 (Groundball, 34, EV 104.4 MPH)
|
Batting: LHB Chad Persaud
|
0-0: Ball 1-0: Fly out, F8 (Flyball, 8LD, EV 98.1 MPH)
|
Top of the 3rd over - 0 runs, 0 hits, 0 errors, 0 left on base; Albuquerque 0 - Gwinnett 1 |
BOTTOM OF THE 3RD |
Gwinnett Braves batting - Pitching for Albuquerque Isotopes : RHP Rafael Gonzales
|
Batting: RHB Riley Nasiir
|
0-0: Called Strike 0-1: Ball 1-1: SINGLE (Line Drive, 5D, EV 100.0 MPH)
|
Batting: RHB Mike Manchester
|
0-0: Fly out, F9 (Flyball, 9, EV 91.9 MPH)
|
Batting: RHB Edgar Castillo
|
0-0: Called Strike 0-1: Swinging Strike 0-2: Ball 1-2: Ball Riley Nasiir steals 2nd base 2-2: Fly out, F8 (Flyball, 89M, EV 85.0 MPH)
|
Batting: RHB Alex Munoz
|
0-0: Called Strike 0-1: Ball 1-1: Called Strike 1-2: Foul Ball, location: 2F 1-2: Strikes out swinging
|
Bottom of the 3rd over - 0 runs, 1 hit, 0 errors, 1 left on base; Albuquerque 0 - Gwinnett 1 |
TOP OF THE 4TH |
Albuquerque Isotopes batting - Pitching for Gwinnett Braves : LHP Eduardo Baez
|
Batting: LHB Alfredo de la Cruz
|
0-0: Swinging Strike 0-1: Foul Ball, location: 2F 0-2: Ball 1-2: Ball 2-2: Foul Ball, location: 2F 2-2: Ground out 5-3 (Groundball, 6S, EV 67.5 MPH)
|
Batting: RHB Eddie McCoy
|
0-0: Ball 1-0: Swinging Strike 1-1: Ball 2-1: Ball 3-1: Called Strike 3-2: Foul Ball, location: 2F 3-2: Foul Ball, location: 2F 3-2: Base on Balls
|
Batting: RHB Adrian Rudkilde
|
0-0: Ball 1-0: Ball 2-0: Called Strike 2-1: Ball 3-1: Swinging Strike 3-2: Foul Ball, location: 2F 3-2: Strikes out looking
|
Batting: RHB Chris King
|
0-0: Called Strike 0-1: Ball 1-1: Ball 2-1: Ball 3-1: Base on Balls Eddie McCoy to second
|
Batting: LHB Gabe Harvey
|
0-0: Fly out, F5 (Popup, 25F, EV 77.5 MPH)
|
Top of the 4th over - 0 runs, 0 hits, 0 errors, 2 left on base; Albuquerque 0 - Gwinnett 1 |
BOTTOM OF THE 4TH |
Gwinnett Braves batting - Pitching for Albuquerque Isotopes : RHP Rafael Gonzales
|
Batting: SHB Brian Bagley
|
0-0: Called Strike 0-1: Called Strike 0-2: Ball 1-2: Strikes out swinging
|
Batting: LHB Chris Locklear
|
0-0: Ball 1-0: Ball 2-0: Swinging Strike 2-1: Foul Ball, location: 2F 2-2: Strikes out swinging, 2-3 out at first.
|
Batting: RHB John Peterson
|
0-0: Foul Ball, location: 2F 0-1: Ball 1-1: Called Strike 1-2: Ball 2-2: Fly out, F9 (Line Drive, 9LS, EV 93.8 MPH)
|
Bottom of the 4th over - 0 runs, 0 hits, 0 errors, 0 left on base; Albuquerque 0 - Gwinnett 1 |
TOP OF THE 5TH |
Albuquerque Isotopes batting - Pitching for Gwinnett Braves : LHP Eduardo Baez
|
Batting: RHB Logan Morgan
|
0-0: Ball 1-0: Ball 2-0: Called Strike 2-1: Ball 3-1: Ground out 1-3 (Groundball, 13, EV 65.0 MPH)
|
Batting: LHB Adam Hill
|
0-0: Foul Ball, location: 2F 0-1: Ball 1-1: SINGLE (Flyball, 9S, EV 81.9 MPH)
|
Batting: RHB Vinny Estrada
|
0-0: Ball 1-0: Ball 2-0: Ball 3-0: Base on Balls Adam Hill to second
|
Batting: LHB Chad Persaud
|
0-0: Ball 1-0: Ball 2-0: Ball 3-0: Called Strike 3-1: Base on Balls Adam Hill to third Vinny Estrada to second
|
Batting: LHB Alfredo de la Cruz
|
0-0: Called Strike 0-1: Ball 1-1: Ball 2-1: GRAND SLAM HOME RUN (Line Drive, 9D, EV 104.4 MPH), Distance : 381 ft
|
Batting: RHB Eddie McCoy
|
0-0: Ball 1-0: Called Strike 1-1: Foul Ball, location: 2F 1-2: Foul Ball, location: 2F 1-2: Ball 2-2: Ball 3-2: SINGLE (Line Drive, 4D, EV 96.2 MPH)
|
Batting: RHB Adrian Rudkilde
|
0-0: Called Strike 0-1: Called Strike 0-2: Ball 1-2: Fly out, F8 (Flyball, 89M, EV 92.5 MPH)
|
Batting: RHB Chris King
|
0-0: Ball 1-0: Called Strike 1-1: Foul Ball, location: 2F 1-2: Ball 2-2: Ball 3-2: Base on Balls Eddie McCoy to second
|
Pitching: RHP Nathan Tamburrino
|
|
Batting: LHB Gabe Harvey
|
0-0: Ground out 4-3 (Groundball, 13, EV 90.6 MPH)
|
Top of the 5th over - 4 runs, 3 hits, 0 errors, 2 left on base; Albuquerque 4 - Gwinnett 1 |
BOTTOM OF THE 5TH |
Gwinnett Braves batting - Pitching for Albuquerque Isotopes : RHP Rafael Gonzales
|
Batting: RHB Dave Nickerson
|
0-0: SINGLE (Line Drive, 34D, EV 96.2 MPH)
|
Batting: LHB Fred Arends
|
0-0: Ball 1-0: Foul Ball, location: 2F 1-1: Swinging Strike 1-2: Ball 2-2: Strikes out swinging
|
Batting: RHB Riley Nasiir
|
0-0: Called Strike 0-1: Called Strike 0-2: Strikes out swinging
|
Batting: RHB Mike Manchester
|
0-0: Called Strike 0-1: Called Strike 0-2: Strikes out swinging
|
Bottom of the 5th over - 0 runs, 1 hit, 0 errors, 1 left on base; Albuquerque 4 - Gwinnett 1 |
TOP OF THE 6TH |
Albuquerque Isotopes batting - Pitching for Gwinnett Braves : RHP Nathan Tamburrino
|
Batting: RHB Logan Morgan
|
0-0: Called Strike 0-1: Swinging Strike 0-2: Strikes out swinging
|
Batting: LHB Adam Hill
|
0-0: Ball 1-0: Ball 2-0: Called Strike 2-1: Ball 3-1: Base on Balls
|
Batting: RHB Vinny Estrada
|
0-0: Ball 1-0: Ball 2-0: Ball 3-0: Base on Balls Adam Hill to second
|
Batting: LHB Chad Persaud
|
0-0: Called Strike 0-1: Ball 1-1: Ball 2-1: Ball 3-1: Base on Balls Adam Hill to third Vinny Estrada to second
|
Batting: LHB Alfredo de la Cruz
|
0-0: Ball 1-0: Foul Ball, location: 2F 1-1: Ball 2-1: Foul Ball, location: 2F 2-2: Grounds into fielders choice 4-2 (Groundball, 34S, EV 87.5 MPH) Vinny Estrada to third Chad Persaud to second
|
Batting: RHB Eddie McCoy
|
0-0: Called Strike 0-1: Called Strike 0-2: Ball 1-2: Strikes out swinging
|
Top of the 6th over - 0 runs, 0 hits, 0 errors, 3 left on base; Albuquerque 4 - Gwinnett 1 |
BOTTOM OF THE 6TH |
Gwinnett Braves batting - Pitching for Albuquerque Isotopes : RHP Rafael Gonzales
|
Batting: RHB Edgar Castillo
|
0-0: SINGLE (Groundball, 56S, EV 71.2 MPH) (infield hit)
|
Batting: RHB Alex Munoz
|
0-0: Ball 1-0: Ball 2-0: Called Strike 2-1: Ball 3-1: Foul Ball, location: 2F 3-2: Base on Balls Edgar Castillo to second
|
Batting: SHB Brian Bagley
|
0-0: Called Strike 0-1: Swinging Strike 0-2: SINGLE (Groundball, 6MD, EV 109.4 MPH) Edgar Castillo to third Alex Munoz to second
|
Batting: LHB Chris Locklear
|
0-0: Ball 1-0: Ball 2-0: Ball 3-0: Base on Balls Edgar Castillo scores Alex Munoz to third Brian Bagley to second
|
Batting: RHB John Peterson
|
0-0: Ball 1-0: Swinging Strike 1-1: Called Strike 1-2: Strikes out looking
|
Pinch Hitting: LHB Mark Buchholz
|
0-0: Foul Ball, location: 2F 0-1: Foul Ball, location: 2F 0-2: Ball 1-2: Strikes out swinging
|
Batting: LHB Fred Arends
|
0-0: Ball 1-0: Ball 2-0: Swinging Strike 2-1: Ball 3-1: Called Strike 3-2: Foul Ball, location: 2F 3-2: Strikes out swinging
|
Bottom of the 6th over - 1 run, 2 hits, 0 errors, 3 left on base; Albuquerque 4 - Gwinnett 2 |
TOP OF THE 7TH |
Albuquerque Isotopes batting - Pitching for Gwinnett Braves : RHP Nathan Tamburrino
|
Pitching: LHP Justin Sullins
|
|
Now in CF: Bob Morales
|
|
Now in RF: Fred Arends
|
|
Batting: RHB Adrian Rudkilde
|
0-0: Called Strike 0-1: Ball 1-1: Foul Ball, location: 2F 1-2: Foul Ball, location: 2F 1-2: Ball 2-2: Strikes out swinging
|
Batting: RHB Chris King
|
0-0: SINGLE (Groundball, 6S, EV 62.5 MPH) (infield hit)
|
Batting: LHB Gabe Harvey
|
0-0: Ball 1-0: Called Strike 1-1: Swinging Strike 1-2: Ball 2-2: Grounds into double play, 4-6-3 (Groundball, 34, EV 85.0 MPH)
|
Top of the 7th over - 0 runs, 1 hit, 0 errors, 0 left on base; Albuquerque 4 - Gwinnett 2 |
BOTTOM OF THE 7TH |
Gwinnett Braves batting - Pitching for Albuquerque Isotopes : RHP Rafael Gonzales
|
Batting: RHB Riley Nasiir
|
0-0: Ball 1-0: Ball 2-0: Called Strike 2-1: Foul Ball, location: 2F 2-2: Ball 3-2: Ground out 4-3 (Groundball, 34, EV 101.9 MPH)
|
Batting: RHB Mike Manchester
|
0-0: Called Strike 0-1: Ground out 6-3 (Groundball, 6, EV 81.9 MPH)
|
Batting: RHB Edgar Castillo
|
0-0: Ball 1-0: Ball 2-0: Ball 3-0: Called Strike 3-1: Foul Ball, location: 2F 3-2: Strikes out looking
|
Bottom of the 7th over - 0 runs, 0 hits, 0 errors, 0 left on base; Albuquerque 4 - Gwinnett 2 |
TOP OF THE 8TH |
Albuquerque Isotopes batting - Pitching for Gwinnett Braves : LHP Justin Sullins
|
Batting: RHB Logan Morgan
|
0-0: Foul Ball, location: 2F 0-1: Ball 1-1: Swinging Strike 1-2: Ball 2-2: Ball 3-2: Reached on error, E6 (Groundball, P, EV 80.6 MPH)
|
Batting: LHB Adam Hill
|
0-0: Sac Bunt to 15 - play at first, batter OUT! 1-3 Logan Morgan to second
|
Batting: RHB Vinny Estrada
|
0-0: Intentional Walk
|
Batting: LHB Chad Persaud
|
0-0: Ball 1-0: Ball 2-0: Foul Ball, location: 2F 2-1: Ball 3-1: Grounds into double play, 1-6-3 (Groundball, 13S, EV 70.6 MPH)
|
Top of the 8th over - 0 runs, 0 hits, 1 error, 1 left on base; Albuquerque 4 - Gwinnett 2 |
BOTTOM OF THE 8TH |
Gwinnett Braves batting - Pitching for Albuquerque Isotopes : RHP Rafael Gonzales
|
Pitching: RHP Josh Kenyon
|
|
Batting: RHB Alex Munoz
|
0-0: Foul Ball, location: 2F 0-1: Ball 1-1: SINGLE (Groundball, 5S, EV 68.1 MPH) (infield hit)
|
Batting: SHB Brian Bagley
|
0-0: Foul Ball, location: 2F 0-1: Swinging Strike 0-2: Ground out 4-3 (Groundball, 34S, EV 82.5 MPH) Alex Munoz to second
|
Batting: LHB Chris Locklear
|
0-0: Ball Wild Pitch! Alex Munoz to third 1-0: Called Strike 1-1: Ball 2-1: Foul Ball, location: 2F 2-2: Foul Ball, location: 2F 2-2: Strikes out swinging
|
Batting: RHB John Peterson
|
0-0: Called Strike 0-1: Ball 1-1: Swinging Strike 1-2: Ball 2-2: Ball 3-2: SINGLE (Groundball, 6MD, EV 105.0 MPH) Alex Munoz scores
|
Batting: SHB Bob Morales
|
0-0: Ball 1-0: Swinging Strike 1-1: Ball John Peterson steals 2nd base 2-1: Called Strike 2-2: Ground out 3-1 (Groundball, 34, EV 83.1 MPH)
|
Bottom of the 8th over - 1 run, 2 hits, 0 errors, 1 left on base; Albuquerque 4 - Gwinnett 3 |
TOP OF THE 9TH |
Albuquerque Isotopes batting - Pitching for Gwinnett Braves : LHP Justin Sullins
|
Batting: LHB Alfredo de la Cruz
|
0-0: Ground out 1-3 (Groundball, 13S, EV 73.1 MPH)
|
Batting: RHB Eddie McCoy
|
0-0: Called Strike 0-1: Foul Ball, location: 2F 0-2: Ball 1-2: Ball 2-2: Ball 3-2: Strikes out looking
|
Batting: RHB Adrian Rudkilde
|
0-0: Swinging Strike 0-1: Ball 1-1: Ball 2-1: Fly out, F8 (Flyball, 78D, EV 95.0 MPH)
|
Top of the 9th over - 0 runs, 0 hits, 0 errors, 0 left on base; Albuquerque 4 - Gwinnett 3 |
BOTTOM OF THE 9TH |
Gwinnett Braves batting - Pitching for Albuquerque Isotopes : RHP Josh Kenyon
|
Pitching: RHP Humberto Gutierrez
|
|
Now in LF: Jamel Wright
|
|
Batting: LHB Fred Arends
|
0-0: Fly out, F8 (Flyball, 8LD, EV 106.9 MPH)
|
Pinch Hitting: LHB David Bramble
|
0-0: Called Strike 0-1: Foul Ball, location: 2F 0-2: Ball 1-2: Fly out, F4 (Popup, 3S, EV 76.9 MPH)
|
Batting: RHB Mike Manchester
|
0-0: Ground out 4-3 (Groundball, 34, EV 105.6 MPH)
|
Bottom of the 9th over - 0 runs, 0 hits, 0 errors, 0 left on base; Albuquerque 4 - Gwinnett 3 |
|